 Dungeon Crawl Stone Soup version 0.27-a0-1334-g2746e35aca (webtiles) character file.

Game seed: 458981692591401082

84 27snakeeyes612 the Skirmisher (level 4, -2/24 HPs)
             Began as a Vine Stalker Fighter on June 26, 2021.
             Slain by Jessica (13 damage)
             ... on level 2 of the Dungeon.
             The game lasted 00:01:32 (2150 turns).

27snakeeyes612 the Skirmisher (VSFi)                Turns: 2150, Time: 00:01:32

Health: -2/24      AC:  7    Str: 20    XL:     4   Next: 45%
Magic:  0/5        EV:  9    Int:  8    God:
Gold:   83         SH:  0    Dex: 13    Spells: 3/3 levels left

rFire    . . .     SeeInvis .   j - +0 whip
rCold    . . .     Faith    .   (no shield)
rNeg     . . .     Spirit   +   b - +0 scale mail
rPois    .         Reflect  .   (no helmet)
rElec    .         Harm     .   (no cloak)
rCorr    .         Rampage  .   (no gloves)
Will     .....                  h - +0 pair of boots
Stlth    ..........             (no amulet)
HPRegen  1.08/turn              (no ring)
MPRegen  0.09/turn              (no ring)

@: mighty
A: fangs 2, regeneration 1, magic shield, antimagic bite, no potion heal 2
a: no special abilities


You were on level 2 of the Dungeon.
You visited 1 branch of the dungeon, and saw 3 of its levels.

You collected 83 gold pieces.

Inventory:

Hand Weapons
 a - a +0 flail
 j - a +0 whip (weapon)
Missiles
 l - a throwing net (quivered)
Armour
 b - a +0 scale mail (worn)
 c - a +0 kite shield
 h - a +0 pair of boots (worn)
Scrolls
 f - a scroll of identify {unknown}
 i - a scroll of enchant armour {unknown}
Potions
 e - a potion of curing {unknown}
 g - a potion of lignification {unknown}
 k - a potion of resistance {unknown}


   Skills:
 + Level 3.4 Fighting
 + Level 2.6 Maces & Flails
 + Level 3.1 Armour
 - Level 2.9 Shields


You had 3 spell levels left.
You didn't know any spells.
Your spell library contained the following spells:

 Spells                   Type           Power      Damage    Failure   Level
 Magic Dart               Conj           0%         1d3       77%         1
 Summon Small Mammal      Summ           0%         N/A       77%         1
 Call Imp                 Summ           0%         N/A       88%         2
 Searing Ray              Conj           0%         3d3       88%         2
 Call Canine Familiar     Summ           0%         N/A       98%         3
 Dazzling Flash           Conj/Hex       0%         N/A       98%         3
 Summon Guardian Golem    Hex/Summ       0%         N/A       98%         3
 Fulminant Prism          Conj/Hex       0%         3d6       100%        4
 Iskenderun's Mystic Bla  Conj/Tloc      0%         2d3       100%        4
 Summon Ice Beast         Ice/Summ       0%         N/A       100%        4
 Summon Lightning Spire   Summ/Air       0%         N/A       100%        4


Dungeon Overview and Level Annotations

Branches:
Dungeon (3/15)

Altars:

Annotations:
D:2 Jessica


Innate Abilities, Weirdness & Mutations

You have extremely sharp teeth.
Your natural rate of healing is unusually fast.
When hurt, damage is shared between your health and your magic reserves.
Your bite disrupts and absorbs the magic of your enemies.
Potions cannot restore your health.


Message History

The adder is severely wounded.
The adder closely misses you. The adder bites you but does no damage.
You completely miss the adder. You bite the adder. You drain its power.
The adder is severely wounded.
The adder closely misses you.
You miss the adder. You bite the adder. You drain its power.
The adder is almost dead.
The adder closely misses you.
You miss the adder.
The adder is almost dead.
The adder barely misses you. The adder bites you.
You are poisoned.
The adder poisons you!
You completely miss the adder. Your bite misses the adder.
The adder is almost dead.
You feel sick. The adder bites you but does no damage.
You closely miss the adder. Your bite misses the adder.
The adder is almost dead.
You feel sick. The adder bites you. Jessica hits you but does no damage.
You are electrocuted!
You are too injured to fight recklessly!
You are too injured to fight recklessly!
You are too injured to fight recklessly!
You feel sick.
Jessica casts a spell.
Jessica blinks!
You feel sick.
You closely miss the adder. You bite the adder, but do no damage.
The adder is almost dead.
You feel sick.
You are no longer poisoned.
The adder closely misses you.
You hit the adder.
You kill the adder!
Jessica barely misses you.
You feel very mighty all of a sudden.
Jessica hits you with a +2 dagger of electrocution.
You are electrocuted!
Ouch! That really hurt!
You die...

.......###....... ..##
##.###.#..†###### ....
.......#.#.###### ...
................. #..
...#...#.#.####.# #..
#...#.#.# #.. #..
#...#.#.# #..
#.>######...#.#.# #..
#...†@@.....#.#.# #.#
#..######...#.#.####.#
#.########..#.#.......
#...........#.######.#
# ######.#..#.# #.#
####.#..#.# #.#
..........# #.#
#######.### #.# #.#
#.#


You could see Jessica (fast).

Vanquished Creatures
  3 adders (D:2)
  2 worms (D:2)
  3 dart slugs
  A ball python (D:2)
  5 bats
  4 endoplasms
  A giant cockroach (D:3)
  5 hobgoblins
  4 jackals (D:2)
  2 kobolds (D:1)
  2 quokkas
  3 frilled lizards
  2 goblins (D:1)
  6 rats
43 creatures vanquished.

Notes
Turn   | Place    | Note
-------+----------+-------------------------------------------
     0 | D:1      | 27snakeeyes612 the Vine Stalker Fighter began the quest for
                  | the Orb.
     0 | D:1      | Reached XP level 1. HP: 11/11 MP: 2/2
   333 | D:1      | Reached XP level 2. HP: 16/16 MP: 3/3
  1225 | D:2      | Reached XP level 3. HP: 17/20 MP: 4/4
  1321 | D:2      | You fall into a shaft and drop 1 floor!
  1969 | D:2      | Gained mutation: Your natural rate of healing is unusually
                  | fast. [Vine Stalker growth]
  1969 | D:2      | Reached XP level 4. HP: 8/24 MP: 3/5
  2136 | D:2      | Noticed Jessica
  2150 | D:2      | Slain by Jessica

Illustrated notes

Levels and vault maps discovered:
D:1:      erik_arrival_cave_to_civilisation [erik_arrival_cave_to_hall],
          layout_basic, chequers_serial_rivers_micro_a
D:2:      layout_basic, shapermc_ecumenical_altar_flowoftime,
          kennysheep_cluttered_room, kennysheep_cross_room, uniq_jessica
D:3:      layout_loops_ring

Skill      XL: |  1  2  3 |
---------------+----------+-----
Maces & Flails | 2 |  2.6
Fighting       | 3 |  3.4
Armour         | 3 |  3.1
Shields        | |  2.9

Action                   |  1- 3 |  4- 6 || total
-------------------------+-------+-------++-------
Melee: Flail             |    63 |       ||    63
       Bite              |    31 |     7 ||    38
       Whip              |    60 |    26 ||    86
  Use: Potion            |       |     1 ||     1
Armor: Scale mail        |    59 |    11 ||    70
Dodge: Dodged            |    52 |    12 ||    64
Block: Kite shield       |    16 |       ||    16

Table legend: (Time is in decaauts)
 A = Elapsed time spent in this place.
 B = Non-inter-level travel time spent in this place.
 C = Inter-level travel time spent in this place.
 D = Time resting spent in this place.
 E = Time spent auto-exploring this place.
 F = Levels seen in this place.
 G = Mean time per level.
                   A        B        C        D        E       F      G
               +--------+--------+--------+--------+--------+-----+--------+
         Total |   2174 |   2087 |     87 |      0 |   1791 |   3 |  724.7 |
       Dungeon |   2174 |   2087 |     87 |      0 |   1791 |   3 |  724.7 |
               +--------+--------+--------+--------+--------+-----+--------+

Top non-repeatable levels by time:
     D:1: 1214 daAuts
     D:2: 716 daAuts
     D:3: 243 daAuts
